 Dungeon Crawl Stone Soup version 0.21-a0-538-gd16b88a (webtiles) character file.

394 slep the Chopper (level 6, -3/47 HPs)
             Began as a Demonspawn Gladiator on Dec 16, 2017.
             Slain by an ogre
             ... wielding a +0 giant club
              (20 damage)
             ... on level 4 of the Dungeon.
             The game lasted 00:07:47 (1890 turns).

slep the Chopper (Demonspawn Gladiator)             Turns: 1890, Time: 00:07:47

Health: -3/47      AC:  9    Str: 16    XL:     6   Next: 51%
Magic:  6/6        EV: 11    Int: 10    God:
Gold:   174        SH:  0    Dex: 14    Spells: 5/5 levels left

rFire    . . .     SeeInvis .   a - +0 war axe
rCold    . . .     Gourm    .   (no shield)
rNeg     . . .     Faith    .   e - +0 scale mail
rPois    .         Spirit   .   c - +0 helmet
rElec    .         Reflect  .   (no cloak)
rCorr    .         Harm     .   w - +0 pair of gloves
MR       .....                  x - +0 pair of boots
Stlth    ..........             (no amulet)
HPRegen  0.15/turn              (no ring)
MPRegen  0.10/turn              (no ring)

@: no status effects
A: talons 1, spiny 2
a: no special abilities


You were on level 4 of the Dungeon.
You were not hungry.

You visited 1 branch of the dungeon, and saw 4 of its levels.

You collected 174 gold pieces.

Inventory:

Hand Weapons
 a - a +0 war axe (weapon)
Missiles
 d - 4 throwing nets (quivered)
 i - 6 tomahawks
Armour
 b - a +0 leather armour
 c - a +0 helmet (worn)
 e - a +0 scale mail (worn)
 w - a +0 pair of gloves (worn)
 x - a +0 pair of boots (worn)
Jewellery
 p - an uncursed ring of positive energy {unknown}
 C - an uncursed ring of protection from cold {unknown}
Wands
 A - a wand of iceblast (7)
Scrolls
 m - a scroll of identify {unknown}
 o - a scroll of enchant weapon {unknown}
 q - 2 scrolls of magic mapping {unknown}
 r - 5 scrolls of teleportation {unknown}
 s - a scroll of enchant armour {unknown}
 t - 2 scrolls of amnesia {unknown}
 v - a scroll of noise {unknown}
 y - a scroll of immolation {unknown}
 B - a scroll of remove curse {unknown}
Potions
 g - a potion of brilliance {unknown}
 h - a potion of resistance {unknown}
 j - 2 potions of curing {unknown}
 l - a potion of degeneration {unknown}
 n - a potion of agility {unknown}
 z - a potion of heal wounds {unknown}
Comestibles
 f - 5 bread rations
 k - 2 royal jellies
 u - 8 chunks of flesh


   Skills:
 + Level 3.4 Fighting
 + Level 5.2 Axes
 + Level 2.0 Throwing
 + Level 1.9 Armour
 + Level 3.3 Dodging
 + Level 0.1 Stealth


You had 5 spell levels left.
You didn't know any spells.

Dungeon Overview and Level Annotations

Branches:
Dungeon (4/15)
 Temple: D:4-7

Altars:
Cheibriados


Innate Abilities, Weirdness & Mutations

You have sharp toenails.
You are mostly covered in sharp spines.


Message History

The howler monkey is lightly wounded.
The howler monkey is struck by your spines.
The howler monkey hits you but does no damage.
The howler monkey is struck by your spines.
The howler monkey hits you but does no damage.
You hit the howler monkey.
You kill the howler monkey!
You see here a howler monkey corpse.
j - 2 golden potions (gained 1)
There is a stone staircase leading up here.
You now have 174 gold pieces (gained 5).
An ogre comes into view. It is wielding a giant club.
The ogre is struck by your spines. The ogre hits you with a giant club!
You hit the ogre.
The ogre is moderately wounded.
The ogre is struck by your spines. The ogre closely misses you.
You barely miss the ogre.
The ogre is heavily wounded.
The ogre hits you with a giant club!!
You die...

#. #.........# ##
####.##.........# ..
#...............##.####
#.....................#
#.................###..
#...............#####
#.....................
#...............######
#....O@.........#
#......#........#
#......##.....#.#
#......####.###..#
####.### #... ...# #.
..###.#.# #. ... .# ..
... ...


You could see an ogre.

Vanquished Creatures
  A bullfrog (D:3)
  A howler monkey (D:4)
  An orc wizard (D:4)
  A centaur skeleton (D:3)
  Jessica (D:3)
  3 adders
  7 gnolls (D:4)
  2 oozes
  7 worms
  4 dart slugs
  2 leopard geckos
  6 orcs
  10 bats
  2 giant cockroaches (D:3)
  9 goblins
  6 hobgoblins
  5 kobolds
  3 quokkas (D:2)
  5 frilled lizards
  12 rats
88 creatures vanquished.

Notes
Turn   | Place    | Note
-------+----------+-------------------------------------------
     0 | D:1      | slep the Demonspawn Gladiator began the quest for the Orb.
     0 | D:1      | Reached XP level 1. HP: 16/16 MP: 1/1
    95 | D:1      | Gained mutation: You have sharp toenails. [demonic ancestry]
    95 | D:1      | Reached XP level 2. HP: 22/22 MP: 2/2
   113 | D:1      | Reached skill level 3 in Axes
   254 | D:1      | Gained mutation: You are partially covered in sharp spines. [demonic ancestry]
   254 | D:1      | Reached XP level 3. HP: 26/28 MP: 3/3
   902 | D:2      | Gained mutation: You are mostly covered in sharp spines. [demonic ancestry]
   902 | D:2      | Reached XP level 4. HP: 34/34 MP: 4/4
  1363 | D:3      | Reached skill level 4 in Axes
  1418 | D:3      | Noticed a bullfrog
  1423 | D:3      | Killed a bullfrog
  1423 | D:3      | Reached XP level 5. HP: 38/40 MP: 5/5
  1462 | D:3      | Found a faded altar of an unknown god.
  1504 | D:3      | Reached skill level 1 in Armour
  1548 | D:3      | Noticed Jessica
  1553 | D:3      | Killed Jessica
  1722 | D:4      | Reached XP level 6. HP: 36/47 MP: 6/6
  1749 | D:4      | Found a snail-covered altar of Cheibriados.
  1815 | D:4      | Reached skill level 5 in Axes
  1890 | D:4      | Slain by an ogre

Vault maps used:
D:1:      roderic_crossed_star
D:2:      minmay_bisected
D:3:      first_bread, chequers_ecumenical_altar_simple_redux, uniq_jessica
D:4:      lemuel_coloured_pillars_altar, old_standard_altar, tso_altar

Skill      XL: |  1  2  3  4  5  6 |
---------------+-------------------+-----
Axes           | 3 4 5 |  5.2
Throwing       | 2 |  2.0
Dodging        | 3 |  3.3
Armour         | 1 |  1.9
Fighting       | 3 |  3.4
Stealth        | |  0.1

Action                   |  1- 3 |  4- 6 || total
-------------------------+-------+-------++-------
Melee: War axe           |    78 |    85 ||   163
       Kick              |    18 |     5 ||    23
  Eat: Chunk             |       |     3 ||     3
Armor: Scale mail        |    49 |    36 ||    85
       Leather armour    |     1 |       ||     1
Dodge: Dodged            |    70 |    42 ||   112

Table legend:
 A = Spawn XP
 B = Non-spawn XP
 C = Spawn XP percentage of total XP
 D = Spawn monster count
 E = Non-spawn monster count
 F = Spawn count percentage of total count
 G = Total turns spent on level
                    A         B        C        D         E        F      G
               +---------+---------+-------+---------+---------+-------+---------
         Total |       0 |     563 |   0.0 |       0 |      88 |   0.0 |  1890
               +---------+---------+-------+---------+---------+-------+---------
           D:1 |       0 |      54 |   0.0 |       0 |      31 |   0.0 |   634
           D:2 |       0 |      81 |   0.0 |       0 |      24 |   0.0 |   706
           D:3 |       0 |     210 |   0.0 |       0 |      18 |   0.0 |   367
           D:4 |       0 |     218 |   0.0 |       0 |      15 |   0.0 |   183
               +---------+---------+-------+---------+---------+-------+---------
